 Dungeon Crawl Stone Soup version 0.22.1-1-ga44c0e56f4 (webtiles) character file.

10413 Nixze the Thaumaturge (level 11, 0/59 HPs)
             Began as a Deep Elf Fire Elementalist on Oct 28, 2018.
             Was an Elder of Vehumet.
             Slain by an eight-headed hydra (15 damage)
             ... on level 1 of the Lair of Beasts.
             The game lasted 01:05:57 (14972 turns).

Nixze the Thaumaturge (Deep Elf Fire Elementalist) Turns: 14972, Time: 01:05:58

Health: 0/59       AC: 10    Str:  5    XL:     11   Next: 35%
Magic:  16/29      EV: 15    Int: 24    God:    Vehumet [****..]
Gold:   530        SH:  5    Dex: 15    Spells: 6/34 levels left

rFire    + + .     SeeInvis +   Q - +1 rapier (speed)
rCold    . . .     Gourm    .   y - +0 buckler
rNeg     . . .     Faith    .   F - +1 robe "Taralav" {rF++}
rPois    +         Spirit   .   a - +0 helmet {SInv}
rElec    .         Reflect  .   x - +2 cloak
rCorr    .         Harm     .   f - +1 pair of gloves
MR       +....                  q - +0 pair of boots
Stlth    ++++......             u - amulet of the acrobat
HPRegen  0.19/turn              b - ring of poison resistance
MPRegen  0.21/turn              P - ring of see invisible

@: about to teleport
A: no striking features
a: Renounce Religion


You were on level 1 of the Lair of Beasts.
You worshipped Vehumet.
Vehumet was greatly pleased with you.
You were not hungry.

You visited 3 branches of the dungeon, and saw 14 of its levels.

You collected 629 gold pieces.
You spent 99 gold pieces at shops.

Inventory:

Hand Weapons
 Q - a +1 rapier of speed (weapon)
Missiles
 d - 303 stones (quivered)
Armour
 a - a +0 helmet of see invisible (worn)
 f - a +1 pair of gloves (worn)
 q - a +0 pair of boots (worn)
 x - a +2 cloak (worn)
 y - a +0 buckler (worn)
 F - the +1 robe "Taralav" (worn) {rF++}
   (You found it on level 5 of the Dungeon)

   It greatly protects you from fire.
Jewellery
 b - a ring of poison resistance (left hand)
 g - an uncursed ring of stealth {unknown}
 p - an uncursed ring of protection from cold {unknown}
 u - an amulet of the acrobat (around neck)
 P - a ring of see invisible (right hand)
Wands
 t - a wand of scattershot (5)
 w - a wand of clouds (4)
 C - a wand of digging (22)
 G - a wand of random effects (17)
 K - a wand of polymorph (17)
 O - a wand of iceblast (11)
Scrolls
 i - 2 scrolls of fear
 m - 2 scrolls of brand weapon {unknown}
 n - 4 scrolls of teleportation
 o - a scroll of identify
 r - 7 scrolls of immolation
 s - 2 scrolls of enchant armour
 v - a scroll of fog {unknown}
 z - 5 scrolls of remove curse
 D - a scroll of holy word {unknown}
 E - 2 scrolls of random uselessness {unknown}
 J - 2 scrolls of enchant weapon {unknown}
 M - 2 scrolls of amnesia {unknown}
 R - a scroll of blinking {unknown}
Potions
 e - 3 potions of heal wounds
 h - 2 potions of curing
 j - a potion of cancellation {unknown}
 k - 2 potions of invisibility
 l - 4 potions of flight
 A - a potion of haste {unknown}
 B - 2 potions of agility
 H - a potion of ambrosia {unknown}
 I - a potion of berserk rage {unknown}
Comestibles
 c - 20 rations
 L - 4 chunks of flesh


   Skills:
 + Level 2.8 Fighting
 - Level 5.0 Dodging
 + Level 7.1 Stealth
 - Level 4.0 Shields
 * Level 12.0 Spellcasting
 - Level 7.0 Conjurations
 - Level 5.0 Hexes
 * Level 11.4 Fire Magic
 - Level 1.6 Air Magic


You had 6 spell levels left.
You knew the following spells:

 Your Spells              Type           Power        Failure   Level  Hunger
a - Flame Tongue          Conj/Fire      #####        1%          1    None
b - Conjure Flame         Conj/Fire      ######..     1%          3    None
c - Inner Flame           Hex/Fire       ######..     1%          3    None
d - Sticky Flame          Conj/Fire      ######..     1%          4    None
e - Shock                 Conj/Air       ####         1%          1    None
f - Confuse               Hex            #####...     1%          3    None
g - Fireball              Conj/Fire      ######....   1%          5    ###....
h - Lightning Bolt        Conj/Air       #####.....   5%          5    ###....
i - Dazzling Spray        Conj/Hex       #####.       1%          3    None

Your spell library contained the following spells:

 Spells                   Type           Power        Failure   Level  Hunger
 Confusing Touch          Hex            #####.       1%          1    None
 Corona                   Hex            #####..      1%          1    None
 Throw Flame              Conj/Fire      ######       1%          2    None
 Tukima's Dance           Hex            #####...     1%          3    None
 Ensorcelled Hibernation  Hex/Ice        ####..       2%          2    None
 Animate Skeleton         Necr           N/A          4%          1    None
 Apportation              Tloc           ##....       4%          1    None
 Summon Small Mammal      Summ           ##..         4%          1    None


Dungeon Overview and Level Annotations

Branches:
Dungeon (12/15)            Temple (1/1) D:5            Lair (1/6) D:10
    Orc (0/2) D:10

Altars:
Ashenzari
Cheibriados
Dithmenos
Elyvilon
Fedhas
Gozag
Hepliaklqana
Kikubaaqudgha
Makhleb
Nemelex Xobeh
Okawaru
Qazlal
Ru
Sif Muna
Trog
Uskayaw
Vehumet
Wu Jian
Xom
Yredelemnul
Zin
The Shining One

Shops:
D:9 :   D:10 *   D:11 ?(![(

Annotations:
D:9 exclusions: ice devil, ice statue and 1 more exclusion


Message History

The eight-headed hydra completely misses you.
The eight-headed hydra misses you.
You feel much better.
The eight-headed hydra completely misses you.
You block the eight-headed hydra's attack.
The eight-headed hydra bites you! x2; The eight-headed hydra misses you.
The eight-headed hydra bites you but does no damage.
The eight-headed hydra bites you! x2
* * * LOW HITPOINT WARNING * * *
You feel much better.
The eight-headed hydra closely misses you.
You block the eight-headed hydra's attack.
The eight-headed hydra bites you.
You block the eight-headed hydra's attack.
The eight-headed hydra bites you but does no damage.
The eight-headed hydra bites you!
* * * LOW HITPOINT WARNING * * *
The eight-headed hydra barely misses you.
The eight-headed hydra bites you!
You die...

### ########P##
#####.........##
................########
........D@.............##
........................#
....##.................P##
.... #...........#........
.r. #................#P.#
.. ..#...........#....####
..............#....##P.
.....##P#....#......#..
... ###...<.#....###.


You could see an eight-headed hydra.

Vanquished Creatures
  Harold (D:8)
  A two-headed ogre (D:10)
  An unseen horror (D:9)
  A harpy (shapeshifter) (D:12)
  An ice devil (D:9)
  A troll (D:10)
  2 hippogriffs
  A vampire (D:11)
  2 wyverns
  A human (D:7)
  4 yaks (D:9)
  4 hogs (D:7)
  Edmund (D:5)
  A water moccasin (D:7)
  A porcupine (D:10)
  A hornet zombie (D:8)
  7 orc warriors
  2 eyes of draining (D:10)
  2 ice beasts
  3 phantoms
  5 ogres
  5 centaurs
  A big kobold (D:12)
  A crocodile (D:9)
  9 bullfrogs
  A gnoll sergeant (D:8)
  4 scorpions
  A wyvern skeleton (D:7)
  4 killer bees (D:11)
  An electric eel (D:7)
  7 howler monkeys
  3 bullfrog zombies
  4 crimson imps
  A quasit (D:10)
  A centaur skeleton (D:7)
  7 hounds
  5 jellies
  5 orc priests
  3 iguanas
  5 orc wizards
  A bullfrog skeleton (D:4)
  9 worker ants
  A hound skeleton (D:5)
  2 worker ant zombies (D:8)
  7 gnolls
  10 adders
  2 shadow imps
  An ufetubus (D:9)
  2 oozes
  2 adder skeletons
  3 worms
  2 dart slugs (D:2)
  11 leopard geckos
  43 orcs
  8 bats
  12 giant cockroaches
  11 goblins
  12 hobgoblins
  5 jackals
  2 quokkas
  A ball python (D:5)
  10 frilled lizards
  7 kobolds
  2 quokka skeletons
  6 rats
283 creatures vanquished.

Vanquished Creatures (others)
  5 fungi (D:10)
  2 plants (D:10)
7 creatures vanquished.

Grand Total: 290 creatures vanquished

Notes
Turn   | Place    | Note
-------+----------+-------------------------------------------
     0 | D:1      | Nixze the Deep Elf Fire Elementalist began the quest for
                  | the Orb.
     0 | D:1      | Reached XP level 1. HP: 10/10 MP: 6/6
   289 | D:1      | Reached XP level 2. HP: 15/15 MP: 4/8
   475 | D:1      | Reached XP level 3. HP: 19/19 MP: 3/9
  1049 | D:1      | Reached skill level 5 in Fire Magic
  1690 | D:2      | Reached XP level 4. HP: 5/24 MP: 0/10
  2160 | D:2      | Found a stormy altar of Qazlal.
  2161 | D:2      | Found a hazy altar of Hepliaklqana.
  2242 | D:2      | Learned a level 3 spell: Conjure Flame
  3300 | D:4      | Found a stormy altar of Qazlal.
  3349 | D:4      | Reached XP level 5. HP: 28/28 MP: 6/11
  3820 | D:4      | Reached skill level 4 in Spellcasting
  3820 | D:4      | Reached XP level 6. HP: 32/32 MP: 10/14
  3940 | D:4      | Reached skill level 1 in Shields
  4288 | D:5      | Entered Level 5 of the Dungeon
  4288 | D:5      | Found a staircase to the Ecumenical Temple.
  4309 | Temple   | Entered the Ecumenical Temple
  4504 | D:5      | Reached skill level 5 in Spellcasting
  4555 | D:5      | Learned a level 3 spell: Inner Flame
  4560 | D:5      | Learned a level 4 spell: Sticky Flame
  4658 | D:5      | Reached XP level 7. HP: 36/36 MP: 6/17
  4711 | D:5      | Got a distressingly furry robe
  4726 | D:5      | Identified the +1 robe "Taralav" {rF++} (You found it on
                  | level 5 of the Dungeon)
  4816 | D:5      | Found a sacrificial altar of Ru.
  4817 | D:5      | Found a radiant altar of Vehumet.
  4823 | D:5      | Became a worshipper of Vehumet
  5017 | D:5      | Reached skill level 6 in Spellcasting
  5044 | D:5      | Noticed Edmund
  5100 | D:5      | Killed Edmund
  5100 | D:5      | Reached skill level 5 in Conjurations
  5335 | D:5      | Found a sacrificial altar of Ru.
  5395 | D:5      | Found a sacrificial altar of Ru.
  5653 | D:5      | Reached XP level 8. HP: 36/41 MP: 12/19
  6155 | D:6      | Reached * piety under Vehumet
  6155 | D:6      | Offered knowledge of Shock by Vehumet.
  6213 | D:6      | Learned a level 1 spell: Shock
  6527 | D:6      | Reached skill level 1 in Air Magic
  7140 | D:6      | Learned a level 3 spell: Confuse
  7313 | D:6      | Reached skill level 1 in Hexes
  7967 | D:7      | Reached XP level 9. HP: 27/45 MP: 11/21
  7967 | D:7      | Reached ** piety under Vehumet
  7967 | D:7      | Offered knowledge of Sandblast by Vehumet.
  7967 | D:7      | Reached skill level 7 in Spellcasting
  8708 | D:7      | Reached skill level 5 in Hexes
  8708 | D:7      | Reached skill level 10 in Fire Magic
  8996 | D:7      | Reached skill level 8 in Spellcasting
  9664 | D:8      | Reached skill level 9 in Spellcasting
  9955 | D:8      | Noticed Harold
 10000 | D:8      | Killed Harold
 10000 | D:8      | Reached skill level 10 in Spellcasting
 10000 | D:8      | Reached XP level 10. HP: 36/50 MP: 2/26
 10371 | D:8      | Offered knowledge of Ignite Poison by Vehumet.
 10371 | D:8      | Reached skill level 5 in Stealth
 10383 | D:8      | Learned a level 5 spell: Fireball
 10413 | D:8      | Reached skill level 5 in Dodging
 10654 | D:9      | Found Qishaq Duulu's Book Emporium.
 10760 | D:9      | Noticed an ice statue
 10763 | D:9      | Reached *** piety under Vehumet
 10890 | D:9      | Reached skill level 1 in Fighting
 11005 | D:9      | Noticed an unseen horror
 11020 | D:9      | Killed an unseen horror
 11439 | D:9      | Reached skill level 11 in Spellcasting
 11598 | D:9      | Offered knowledge of Throw Icicle by Vehumet.
 11732 | D:10     | Entered Level 10 of the Dungeon
 11803 | D:10     | Found a staircase to the Orcish Mines.
 12454 | D:10     | Noticed a two-headed ogre
 12460 | D:10     | Killed a two-headed ogre
 12460 | D:10     | Reached XP level 11. HP: 57/57 MP: 3/28
 12808 | D:10     | Found Hoddaf's Assorted Antiques.
 12813 | D:10     | Bought a scroll labeled YQID XUGHUUNOGG for 33 gold pieces
 12813 | D:10     | Bought a scroll labeled YQID XUGHUUNOGG for 33 gold pieces
 12813 | D:10     | Bought a scroll labeled DOIWOA HURUKH for 33 gold pieces
 12836 | D:10     | Found a staircase to the Lair.
 13276 | D:10     | Reached **** piety under Vehumet
 13933 | D:11     | Found Xateasch's Weapon Shop.
 13959 | D:11     | Found Quuham's Armour Emporium.
 14000 | D:11     | Offered knowledge of Lightning Bolt by Vehumet.
 14121 | D:11     | Found Niredd's Weapon Shoppe.
 14122 | D:11     | Found Foj Kid's Distillery.
 14136 | D:11     | Found Tijuric's Magic Scroll Boutique.
 14524 | D:12     | Noticed a harpy
 14528 | D:12     | Killed a harpy
 14529 | D:12     | HP: 2/59 [cyclops/large rock (39)]
 14875 | Lair:1   | Entered Level 1 of the Lair of Beasts
 14896 | Lair:1   | Learned a level 5 spell: Lightning Bolt
 14900 | Lair:1   | Learned a level 3 spell: Dazzling Spray
 14903 | Lair:1   | Reached skill level 12 in Spellcasting
 14962 | Lair:1   | Noticed an eight-headed hydra
 14971 | Lair:1   | HP: 1/59 [eight-headed hydra (17)]
 14972 | Lair:1   | Slain by an eight-headed hydra

Skill      XL: |  1  2  3  4  5  6  7  8  9 10 11 |
---------------+----------------------------------+-----
Fire Magic     | 4 5 6 8 10 11 | 11.4
Conjurations   | 2 3 5 7 |  7.0
Stealth        | 3 4 6 7 |  7.1
Spellcasting   | 4 5 6 10 11 12 | 12.0
Dodging        | 3 4 5 |  5.0
Shields        | 1 2 4 |  4.0
Air Magic      | 1 |  1.6
Hexes          | 3 5 |  5.0
Fighting       | 2 |  2.8

Action                   |  1- 3 |  4- 6 |  7- 9 | 10-12 || total
-------------------------+-------+-------+-------+-------++-------
Melee: Hand axe          |    26 |     5 |     6 |       ||    37
       Rapier            |       |       |       |    19 ||    19
 Fire: Hunting sling     |       |    88 |    37 |       ||   125
Throw: Stone             |    69 |    11 |    12 |       ||    92
 Cast: Flame Tongue      |    86 |    96 |   277 |   221 ||   680
       Conjure Flame     |       |     2 |    16 |     6 ||    24
       Inner Flame       |       |     1 |     7 |     3 ||    11
       Shock             |       |       |    46 |    66 ||   112
       Fireball          |       |       |       |    23 ||    23
       Confuse           |       |       |       |     6 ||     6
  Use: Scroll            |       |     6 |     3 |     4 ||    13
       Potion            |       |       |       |     2 ||     2
  Eat: Chunk             |     2 |    10 |    13 |    12 ||    37
       Ration            |       |       |     1 |     2 ||     3
Armor: Robe              |     7 |    17 |    25 |    24 ||    73
Dodge: Dodged            |    39 |    41 |    69 |    55 ||   204
Block: Buckler           |       |       |    11 |    24 ||    35
